 Dungeon Crawl Stone Soup version 0.26.0-10-g1f06aea511 (webtiles) character file.

Game seed: 2389644471270467387

214 inc the Scratcher (level 5, -3/21 HPs)
             Began as a Felid Enchanter on Jan 29, 2021.
             Was a Follower of Uskayaw.
             Killed from afar by Natasha (4 damage)
             ... with a magic dart
             ... on level 4 of the Dungeon.
             The game lasted 00:05:58 (4758 turns).

inc the Scratcher (Felid Enchanter)                 Turns: 4758, Time: 00:05:59

Health: -3/21      AC:  1    Str:  4    XL:     5   Next: 60%
Magic:  3/9        EV: 18    Int: 17    God:    Uskayaw [*.....]
Gold:   169        SH:  0    Dex: 17    Spells: 5/8 levels left
                                        Lives:  0   Deaths: 1

rFire    . . .     SeeInvis +     - Unarmed
rCold    . . .     Faith    .   (shield unavailable)
rNeg     . . .     Spirit   .   (armour unavailable)
rPois    .         Reflect  .   (helmet unavailable)
rElec    .         Harm     .   (cloak unavailable)
rCorr    .         Rampage  .   (gloves unavailable)
Will     .....                  (boots unavailable)
Stlth    +++.......             (no amulet)
HPRegen  0.07/turn              (no ring)
MPRegen  0.11/turn              (no ring)

@: slowed, slow
A: very small, no armour, no weapons or thrown items, stealth, claws 1, fangs 3,
see invisible, speed 1, shaggy fur 1, sharp paws
a: Renounce Religion, Stomp


You were on level 4 of the Dungeon.
You worshipped Uskayaw.
Uskayaw was noncommittal.
You visited 2 branches of the dungeon, and saw 6 of its levels.

You collected 169 gold pieces.

Inventory:

Scrolls
 a - a scroll of random uselessness {unknown}
 b - 2 scrolls of teleportation {unknown}
 d - 2 scrolls of identify {unknown}
 e - 2 scrolls of enchant armour {unknown}
 g - a scroll of blinking {unknown}
 k - a scroll of remove curse {unknown}
Potions
 c - a potion of degeneration {unknown}
 f - a potion of brilliance {unknown}
 h - a potion of resistance {unknown}
 i - a potion of mutation {unknown}
 j - 2 potions of curing {unknown}


   Skills:
 - Level 2.6 Dodging
 - Level 4.0 Stealth
 + Level 6.2 Unarmed Combat
 - Level 2.0 Spellcasting
 - Level 4.4 Hexes


You had 5 spell levels left.
You knew the following spells:

 Your Spells              Type           Power        Failure   Level
a - Corona                Hex            17%          3%          1
b - Ensorcelled Hibernat  Hex/Ice        18%          12%         2

Your spell library contained the following spells:

 Spells                   Type           Power        Failure   Level
 Confusing Touch          Hex            16%          10%         3
 Tukima's Dance           Hex            16%          10%         3
 Dazzling Flash           Conj/Hex       18%          24%         3


Dungeon Overview and Level Annotations

Branches:
Dungeon (5/15)             Temple (1/1) D:4

Altars:
Ashenzari
Cheibriados
Dithmenos
Elyvilon
Hepliaklqana
Makhleb
Okawaru
Qazlal
Ru
Trog
Uskayaw
Xom

Annotations:
D:4 Grinder, Natasha


Innate Abilities, Weirdness & Mutations

You cannot wear armour.
You are incapable of wielding weapons or throwing items.
Your paws allow you to move quietly. (Stealth)
You have sharp claws.
You have razor-sharp teeth.
You have supernaturally acute eyesight. (SInv)
You cover ground quickly.
You are covered in fur. (AC +1)
Your sharp claws are effective at attacking unaware monsters.


Message History

Confirm with . or Enter, or press ? or * to list all spells.
You don't have enough magic to cast that spell.
Natasha is nearby!
Your magical contamination has completely faded away.
You see here 17 sling bullets.
There is a stone staircase leading down here.
Natasha claws you.
You climb downwards.
Level annotation: Grinder
There is a stone staircase leading up here.
Natasha is nearby!
Natasha claws you.
Natasha stares at you and mumbles some strange words.
You feel yourself slow down. Natasha casts a spell at you.
The magic dart hits you!
* * * LOW HITPOINT WARNING * * *
Natasha stares at you and mumbles some strange words.
The magic dart hits you.
You die...

. #.# ##.......####
.####.#### ######.#.##.#
.........####
#...)>...##.##
............#
#.####.###...##
.....>##.##.# #.#
#)##.###.## ......##.##.#
#.# #.#.## ##.#
..#...##..#.## #.# #..##
##.
......##.....#####)####).#
#.
#.##.....<.(.h..@........##
##. #.
##.##.....#.########.#.##
##.# #. ####..#.##.#
#.##.###.## #> #..#.##.#
#.###...## #. #..#.##.# #.#
##### #. .....##.# #.# ..
.....###.# #.# ....#.# #.#
#.# ####... #.# #.#


You could see Natasha.

Vanquished Creatures
  An ogre (D:4)
  An iguana (D:4)
  Natasha (D:3)
  Robin (D:4)
  4 adders (D:2)
  A white imp (D:5)
  An ooze (D:2)
  4 dart slugs
  3 leopard geckos (D:1)
  3 orcs
  3 giant cockroaches
  14 goblins
  7 hobgoblins
  9 kobolds
  2 ball pythons
  12 bats
  8 frilled lizards
  A leopard gecko skeleton (D:3)
  5 rats
81 creatures vanquished.

Notes
Turn   | Place    | Note
-------+----------+-------------------------------------------
     0 | D:1      | inc the Felid Enchanter began the quest for the Orb.
     0 | D:1      | Reached XP level 1. HP: 7/7 MP: 4/4
   372 | D:1      | Reached skill level 2 in Unarmed Combat
   390 | D:1      | Reached XP level 2. HP: 11/11 MP: 6/6
   718 | D:1      | Reached skill level 3 in Unarmed Combat
   727 | D:1      | Reached XP level 3. HP: 14/14 MP: 7/7
  1375 | D:2      | Noticed a +0 dagger
  1375 | D:2      | Noticed a +0 dagger
  1455 | D:2      | Found a hide-covered altar of Uskayaw.
  1462 | D:2      | Became a worshipper of Uskayaw the Reveller
  1509 | D:2      | Reached * piety under Uskayaw
  1515 | D:2      | Reached ** piety under Uskayaw
  1519 | D:2      | Learned a level 2 spell: Ensorcelled Hibernation
  2048 | D:2      | Reached XP level 4. HP: 17/18 MP: 5/8
  2086 | D:2      | Reached skill level 4 in Unarmed Combat
  3061 | D:3      | Noticed Natasha
  3062 | D:3      | Found a hazy altar of Hepliaklqana.
  3068 | D:3      | Killed Natasha
  3141 | D:3      | Reached XP level 5. HP: 20/21 MP: 9/9
  3314 | D:3      | Noticed Natasha
  3319 | D:3      | Killed from afar by Natasha
  3320 | D:3      | Reached XP level 4. HP: -2/18 MP: 3/8
  3965 | D:4      | Found a staircase to the Ecumenical Temple.
  3966 | D:4      | Noticed an ogre
  3972 | Temple   | Entered the Ecumenical Temple
  4097 | D:4      | Killed an ogre
  4098 | D:4      | Reached skill level 5 in Unarmed Combat
  4098 | D:4      | Reached XP level 5. HP: 21/21 MP: 0/9
  4298 | D:4      | Reached skill level 6 in Unarmed Combat
  4394 | D:4      | Noticed Grinder
  4394 | D:4      | Noticed Robin
  4422 | D:5      | Entered Level 5 of the Dungeon
  4502 | D:4      | Killed Robin
  4756 | D:4      | HP: 1/21 [Natasha/magic dart (10)]
  4758 | D:4      | Killed from afar by Natasha

Illustrated notes

Levels and vault maps discovered:
D:1:      psy_arrival_terrarium, layout_loops_corners
D:2:      cheibrodos_helix_gallery, layout_basic, dancing_weapons_uskayaw
D:3:      layout_loops_ring, nicolae_overflow_crystal_walls,
          chequers_serial_rivers_micro_e, uniq_natasha
D:4:      layout_loops_ring, zin_angel, temple_statues, gammafunk_ghost_smash,
          uniq_robin, uniq_grinder
D:5:      layout_loops_corners, chequers_serial_rivers_small_b,
          minmay_misc_feat_rugged
Temple:   zaba_magenta_temple

Skill      XL: |  1  2  3  4  5 |
---------------+----------------+-----
Unarmed Combat | 2 3 5 6 |  6.2
Dodging        | |  2.6
Stealth        | |  4.0
Spellcasting   | |  2.0
Hexes          | |  4.4

Action                   |  1- 3 |  4- 6 || total
-------------------------+-------+-------++-------
Melee: Unarmed           |    89 |    80 ||   169
       Bite              |     4 |     5 ||     9
       Punch             |       |     1 ||     1
 Cast: Ensorcelled Hiber |     9 |    42 ||    51
       Corona            |     1 |       ||     1
 Stab: Sleeping          |    23 |    23 ||    46
Armor: Skin              |     5 |       ||     5
Dodge: Dodged            |    86 |    55 ||   141
